 Dungeon Crawl Stone Soup version 0.30-a0-1094-g860fb061e7 (webtiles) character file.

Game seed: 4265702612523584992

11410 jasper the Covert (level 11, -2/56 HPs)
             Began as a Spriggan Enchanter on Apr 17, 2023.
             Was an Elder of Kikubaaqudgha.
             Slain by an eight-headed hydra (4 damage)
             ... on level 1 of the Lair of Beasts.
             The game lasted 00:26:17 (11144 turns).

jasper the Covert (Spriggan Enchanter)             Turns: 11144, Time: 00:26:17

Health: -2/56      AC:  5    Str:  4    XL:     11   Next: 48%
Magic:  17/21      EV: 24    Int: 28    God:    Kikubaaqudgha [****..]
Gold:   634        SH:  0    Dex: 19    Spells: 3/22 levels left

rFire   . . .      SeeInvis +    a - +2 dagger (freeze)
rCold   + . .      Faith    .    (no shield)
rNeg    . . .      Spirit   .    P - +2 robe {rC+}
rPois   +          Reflect  .    (helmet restricted)
rElec   .          Rampage  .    O - +0 cloak
rCorr   .                        (gloves unavailable)
Will    +....                    (boots unavailable)
Stlth   ++++++                   v - amulet of magic regeneration
HPRegen 0.29/turn                e - ring "Ytekopodgh" {Contam Fly rPois Int+2 Dex+2}
MPRegen 0.57/turn                w - +6 ring of intelligence

@: flying, very quick
A: very small, no large weapons, unfitting armour, see invisible, speed 3
a: Renounce Religion, Unearth Wretches


You were on level 1 of the Lair of Beasts.
You worshipped Kikubaaqudgha.
Kikubaaqudgha was greatly pleased with you.
You visited 2 branches of the dungeon, and saw 13 of its levels.
You also visited: Sewer and Bailey.

You collected 790 gold pieces.
You spent 156 gold pieces at shops.

Inventory:

Hand Weapons
 a - a +2 dagger of freezing (weapon)
 I - a +2 shortbow of freezing
 X - a +2 short sword of venom
Missiles
 j - 36 poisoned darts
 m - 4 boomerangs
 U - a curare-tipped dart
 Y - a throwing net
Armour
 O - a +0 cloak (worn)
 P - a +2 robe of cold resistance (worn)
 Z - +0 acid dragon scales
Jewellery
 e - the ring "Ytekopodgh" (left hand) {Contam Fly rPois Int+2 Dex+2}
   (You acquired it on level 3 of the Dungeon)

   [ring of flight]

   Int:       It affects your intelligence (+2).
   Dex:       It affects your dexterity (+2).
   rPois:     It protects you from poison.
   Fly:       It grants you flight.
   Contam:    It causes magical contamination when unequipped.
 h - a ring of willpower
 k - a ring of ice
 l - an amulet of faith
 v - an amulet of magic regeneration (around neck)
 w - a +6 ring of intelligence (right hand)
 F - an amulet of guardian spirit
 Q - a ring of willpower
Wands
 x - a wand of quicksilver (2)
 y - a wand of roots (22)
 E - a wand of flame (7)
 N - a wand of mindburst (5)
 V - a wand of charming (3)
Scrolls
 b - a scroll of blinking {unknown}
 d - 2 scrolls of enchant armour
 q - 2 scrolls of silence {unknown}
 r - a scroll of immolation
 s - 3 scrolls of poison
 z - a scroll of fear
 C - a scroll of enchant weapon
 H - 7 scrolls of teleportation
 K - a scroll of magic mapping {unknown}
 L - 2 scrolls of fog
 R - a scroll of torment {unknown}
 S - a scroll of identify
 W - a scroll of summoning {unknown}
Potions
 c - a potion of invisibility
 f - 4 potions of flight
 g - 2 potions of degeneration
 i - 4 potions of lignification
 n - 5 potions of attraction
 o - 8 potions of curing
 p - 3 potions of might
 t - a potion of ambrosia
 u - 3 potions of haste
 A - 5 potions of heal wounds {unknown}
 B - a potion of brilliance {unknown}
 D - 2 potions of magic {unknown}
 G - 2 potions of cancellation {unknown}
Miscellaneous
 M - a piece from Xom's chessboard (15/15)


   Skills:
 - Level 6.0 Fighting
 - Level 10.0 Short Blades
 + Level 10.0 Dodging
 + Level 13.7 Stealth
 - Level 6.0 Spellcasting
 - Level 10.0 Hexes


You had 3 spell levels left.
You knew the following spells:

 Your Spells              Type           Power      Damage    Failure   Level
a - Ensorcelled Hibernat  Hex/Ice        72%        N/A       1%          2
b - Confusing Touch       Hex            59%        N/A       1%          3
c - Tukima's Dance        Hex            59%        N/A       1%          3
d - Apportation           Tloc           16%        N/A       6%          1
e - Dispel Undead         Necr           8%         3d8       52%         4
f - Simulacrum            Ice/Necr       4%         N/A       100%        6

Your spell library contained the following spells:

 Spells                   Type           Power      Damage    Failure   Level
 Dazzling Flash           Conj/Hex       72%        N/A       2%          3
 Kiss of Death            Conj/Necr      32%        2d7       6%          1
 Necrotise                Necr           32%        1d5       6%          1
 Summon Small Mammal      Summ           32%        N/A       6%          1
 Cigotuvi's Dreadful Rot  Necr/Pois/Air  16%        N/A       9%          2
 Sublimation of Blood     Necr           8%         N/A       9%          2
 Wereblood                Tmut           8%         N/A       9%          2
 Vampiric Draining        Necr           8%         2d6       19%         3
 Anguish                  Hex/Necr       18%        N/A       8%          4
 Animate Dead             Necr           8%         N/A       52%         4
 Alistair's Intoxication  Tmut/Pois      5%         N/A       86%         5
 Borgnjor's Vile Clutch   Necr/Erth      4%         N/A       86%         5
 Death Channel            Necr           4%         N/A       100%        6
 Summon Hydra             Summ           4%         N/A       100%        7


Dungeon Overview and Level Annotations

Branches:
Dungeon (12/15)            Temple (0/1) D:5            Lair (1/5) D:9
  Sewer (visited)          Bailey (visited)
    Orc: D:9-12

Altars:
Cheibriados
Dithmenos
Elyvilon
Hepliaklqana
Kikubaaqudgha
Makhleb
Nemelex Xobeh
Okawaru
Qazlal
Sif Muna
Uskayaw
Vehumet
Wu Jian
Zin

Shops:
D:4 !

Annotations:
D:8 2 transporters
D:10 2 transporters


Innate Abilities, Weirdness & Mutations

You are very small and have problems with some larger weapons.
You are too small for most types of armour.
You have supernaturally acute eyesight. (SInv)
You cover ground extremely quickly. (Speed+++)


Message History

You hit the wolf but do no damage.
The wolf is heavily wounded.
The wolf completely misses you. The wolf attacks as you move away!
The wolf completely misses you.
Aiming: Ensorcelled Hibernation (safe; 1% risk of failure)
Press: ? - help, Q - select action, (/) - cycle Shift-Dir - straight line, f - wolf
Aim: a wolf (heavily wounded, chance to affect: 64%)
The wolf looks drowsy...
You now have 19/21 mp.
The helpless wolf fails to defend itself.
You skewer the wolf like a kebab!!!! You freeze the wolf.
You kill the wolf!
Kikubaaqudgha accepts your kill.
Your Dodging skill increases to level 10!
Aiming: Ensorcelled Hibernation (safe; 1% risk of failure)
Press: ? - help, Q - select action, (/) - cycle Shift-Dir - straight line, f - eight-headed hydra
Aim: an eight-headed hydra (chance to affect: 29%)
The eight-headed hydra easily resists.
The eight-headed hydra misses you.
The eight-headed hydra bites you but does no damage.
The eight-headed hydra misses you. The eight-headed hydra bites you.
The eight-headed hydra closely misses you.
The eight-headed hydra barely misses you.
The eight-headed hydra closely misses you.
The eight-headed hydra bites you!
You take 10 damage, and have 43/56 hp.
You now have 18/21 mp.
Aiming: Ensorcelled Hibernation (safe; 1% risk of failure)
Press: ? - help, Q - select action, (/) - cycle Shift-Dir - straight line, f/p - eight-headed hydra
Aim: an eight-headed hydra (chance to affect: 29%)
The eight-headed hydra easily resists.
The eight-headed hydra bites you but does no damage.
The eight-headed hydra barely misses you.
The eight-headed hydra bites you! x2; The eight-headed hydra bites you.
* * * LOW HITPOINT WARNING * * *
The eight-headed hydra bites you but does no damage.
The eight-headed hydra bites you!
* * * LOW HITPOINT WARNING * * *
The eight-headed hydra bites you.
You die...
Kikubaaqudgha rasps: "You have failed me!
Welcome... death!"

................# ##
.......†.......#
#$##.#.###'####...#
..#...###..####..##
#.##..##.....##...#
#..##.##.....##..##
#..##..#......+..##
##D##.+......#....#
#@##..#.####.#...#
#....##.#####.....
......#................
.......................
.......................
..###..................
# #....###..##.#.....
...... .....#.....
#P....# .... #.....


You could see an eight-headed hydra.

Vanquished Creatures
  Harold (D:9)
  A two-headed ogre (D:9)
  Pikel (D:9)
  A deep elf zephyrmancer (Bailey)
  An orc knight (Bailey)
  A black mamba (Lair:1)
  A komodo dragon (D:12)
  A troll (D:9)
  A hornet (D:10)
  A wraith (D:10)
  17 yaks
  A basilisk (Lair:1)
  An acid dragon (D:9)
  2 ice beasts
  2 sky beasts
  5 orc warriors (Bailey)
  2 ogres
  4 centaurs
  A wolf (Lair:1)
  2 lemures (D:9)
  7 kobold brigands
  2 bullfrogs
  2 scorpions
  8 wights (D:8)
  13 killer bees
  10 electric eels
  3 howler monkeys (D:9)
  5 hounds
  3 jellies
  4 orc priests
  3 sleepcaps
  5 iguanas
  8 orc wizards
  3 gnolls
  9 adders
  A river rat (Sewer)
  A shadow imp (D:6)
  An ufetubus (D:5)
  4 worms
  29 orcs
  6 ball pythons
  6 endoplasms
  8 giant cockroaches
  2 hobgoblins (D:1)
  20 kobolds
  5 quokkas
  9 bats
  4 frilled lizards
  4 goblins
  6 rats
238 creatures vanquished.

Vanquished Creatures (collateral kills)
  3 orc warriors (Bailey)
  3 wights (D:8)
  2 gnolls
  A shadow imp (D:8)
  4 orcs (Bailey)
13 creatures vanquished.

Vanquished Creatures (others)
  5 dancing weapons
  2 plants (D:8)
7 creatures vanquished.

Grand Total: 258 creatures vanquished

Notes
Turn   | Place    | Note
-------+----------+-------------------------------------------
     0 | D:1      | jasper the Spriggan Enchanter began the quest for the Orb.
     0 | D:1      | Reached XP level 1. HP: 9/9 MP: 5/5
   418 | D:1      | Reached XP level 2. HP: 13/13 MP: 6/6
   539 | D:1      | Learned a level 2 spell: Ensorcelled Hibernation
  1318 | D:2      | Reached XP level 3. HP: 16/16 MP: 0/8
  1392 | D:2      | Learned a level 3 spell: Confusing Touch
  1955 | D:3      | Found a faded altar of an unknown god.
  2030 | D:3      | Identified a scroll of acquirement
  2032 | D:3      | Acquired the ring "Ytekopodgh" {Contam Fly rPois Int+2
                  | Dex+2}
  2366 | D:3      | Found an ancient bone altar of Kikubaaqudgha.
  2372 | D:3      | Became a worshipper of Kikubaaqudgha
  2634 | D:3      | Reached XP level 4. HP: 21/21 MP: 4/9
  2880 | D:4      | Found a hide-covered altar of Uskayaw.
  3023 | D:4      | Found an ornate altar of the Wu Jian Council.
  3113 | D:4      | Found Gene's Distillery.
  3191 | D:4      | Reached skill level 5 in Short Blades
  3191 | D:4      | Reached skill level 5 in Stealth
  3200 | D:4      | Reached XP level 5. HP: 24/24 MP: 2/10
  3334 | D:4      | Bought a potion of curing for 36 gold pieces
  3334 | D:4      | Bought a potion of haste for 120 gold pieces
  3422 | D:4      | Found a radiant altar of Vehumet.
  3422 | D:4      | Found a glowing silver altar of Zin.
  3492 | D:4      | Reached skill level 6 in Stealth
  3593 | D:4      | Found a snail-covered altar of Cheibriados.
  3593 | D:4      | Found a white marble altar of Elyvilon.
  3604 | D:4      | Learned a level 3 spell: Tukima's Dance
  3606 | D:4      | Learned a level 1 spell: Apportation
  3627 | D:4      | Found an iron altar of Okawaru.
  3723 | D:5      | Entered Level 5 of the Dungeon
  3815 | D:5      | Reached skill level 7 in Stealth
  3822 | D:5      | Noticed an ogre
  3831 | D:5      | Killed an ogre
  3832 | D:5      | Reached skill level 8 in Stealth
  3832 | D:5      | Reached XP level 6. HP: 28/28 MP: 7/11
  3929 | D:5      | Reached * piety under Kikubaaqudgha
  3929 | D:5      | Received a gift from Kikubaaqudgha
  3933 | D:5      | Reached skill level 5 in Hexes
  3933 | D:5      | Reached XP level 7. HP: 28/32 MP: 1/14
  3938 | D:5      | Learned a level 4 spell: Animate Dead
  4165 | D:5      | Found a staircase to the Ecumenical Temple.
  4191 | D:5      | Found a glowing drain.
  4204 | Sewer    | Entered a sewer
  4976 | D:5      | Found a burning altar of Makhleb.
  4999 | D:5      | Reached skill level 1 in Fighting
  4999 | D:5      | Reached XP level 8. HP: 37/37 MP: 10/15
  5184 | D:6      | Reached ** piety under Kikubaaqudgha
  5212 | D:6      | Reached skill level 5 in Dodging
  5249 | D:6      | Identified the +4 flail of Zalemp {flame, Str+3 Dex+3}
  6096 | D:7      | Found a flagged portal.
  6127 | Bailey   | Entered a bailey
  6242 | Bailey   | Reached XP level 9. HP: 22/44 MP: 5/16
  6247 | Bailey   | Reached skill level 9 in Stealth
  6293 | Bailey   | Reached skill level 10 in Stealth
  6353 | Bailey   | Noticed an orc knight
  6386 | Bailey   | Killed an orc knight
  6438 | Bailey   | Found a large runed translucent door.
  6438 | Bailey   | Found a large runed translucent door.
  6439 | Bailey   | Noticed a deep elf zephyrmancer
  6531 | Bailey   | Killed a deep elf zephyrmancer
  6532 | Bailey   | Reached skill level 11 in Stealth
  6544 | Bailey   | Identified the +8 chain mail of Fashionability {Harm rPois
                  | rF+ Dex+2}
  6612 | D:7      | Reached skill level 12 in Stealth
  7217 | D:7      | Reached *** piety under Kikubaaqudgha
  7217 | D:7      | Received a gift from Kikubaaqudgha
  7648 | D:8      | Found a shimmering blue altar of Sif Muna.
  7664 | D:8      | Found a transporter.
  7683 | D:8      | Found a transporter.
  7720 | D:8      | Found a shadowy altar of Dithmenos.
  7763 | D:8      | Reached XP level 10. HP: 49/49 MP: 18/18
  7783 | D:8      | Reached skill level 5 in Spellcasting
  8085 | D:8      | Reached skill level 5 in Fighting
  8498 | D:9      | Noticed Pikel
  8526 | D:9      | Killed Pikel
  8589 | D:9      | Found a staircase to the Lair.
  8609 | D:9      | Noticed a two-headed ogre
  8616 | D:9      | Killed a two-headed ogre
  8857 | D:9      | You are sucked into a shaft and drop 3 floors!
  8866 | D:12     | Found a stormy altar of Qazlal.
  8940 | D:10     | Entered Level 10 of the Dungeon
  8953 | D:10     | Reached XP level 11. HP: 54/56 MP: 21/21
  8962 | D:10     | Reached **** piety under Kikubaaqudgha
  9042 | D:10     | Reached skill level 10 in Hexes
  9150 | D:10     | Found a sparkling altar of Nemelex Xobeh.
  9191 | D:9      | Reached skill level 10 in Short Blades
  9200 | D:9      | Learned a level 4 spell: Dispel Undead
  9207 | D:9      | Learned a level 6 spell: Simulacrum
  9319 | D:9      | Noticed Harold
  9326 | D:9      | Killed Harold
  9915 | D:10     | Found a transporter.
  9929 | D:10     | Found a bloodstained altar of Trog.
  9931 | D:10     | Noticed a yaktaur captain
  9933 | D:10     | Found a transporter.
  9936 | D:10     | Noticed a deep elf pyromancer
  9986 | D:10     | a black mamba changed into a sea snake
  9986 | D:10     | Noticed a sea snake (shapeshifter)
 10308 | D:10     | Found a hazy altar of Hepliaklqana.
 10328 | D:10     | Reached skill level 13 in Stealth
 10506 | D:10     | Noticed a shock serpent
 11060 | Lair:1   | Entered Level 1 of the Lair of Beasts
 11132 | Lair:1   | Noticed an eight-headed hydra
 11143 | Lair:1   | Reached skill level 10 in Dodging
 11144 | Lair:1   | HP: 2/56 [eight-headed hydra (13)]
 11144 | Lair:1   | Slain by an eight-headed hydra

Illustrated notes

Levels and vault maps discovered:
D:1:      dpeg_arrival_oval, layout_loops_corners
D:2:      layout_rooms
D:3:      layout_loops_ring, mainiacjoe_overflow_paths,
          dreamdust_ecumenical_altar_statues
D:4:      layout_loops_ring, okawaru_ov_weapons_minmay,
          mainiacjoe_overflow_alcove_4, pdpol_wu_jian_five_deadly_venoms,
          mainiacjoe_overflow_large_starburst, gammafunk_temple_overflow_statue,
          serial_shops, nicolae_inconvenience_store
D:5:      layout_basic, kennysheep_little_box,
          minmay_temple_entry_gardened_gates, gup_sewer_entry_pipe
D:6:      layout_basic
D:7:      layout_basic, enter_bailey_2
D:8:      layout_cave_pools, nicolae_sif_muna_little_library,
          mainiacjoe_overflow_catwalk, gammafunk_ghost_abyssal_escape,
          serial_bayou_pond_b, hangedman_abyss_or_decor_clamps
D:9:      layout_basic, lair_entry_dummy, hellmonk_bongcloud_opening,
          roderic_serpentine_path, uniq_pikel, uniq_harold
D:10:     layout_basic, kennysheep_mini_moat,
          mainiacjoe_overflow_concentric_impassable,
          gammafunk_temple_overflow_arena
D:11:     layout_gridville, zombieorc2_lemuel, reono_crystal_passage
D:12:     layout_loops_ring, nicolae_qazlal_scattered_showers, uniq_azrael
Lair:1:   layout_regular_city, beast_lair_carwin_9, infiniplex_staircase_pool

Skill      XL: |  1  2  3  4  5  6  7  8  9 10 11 |
---------------+----------------------------------+-----
Short Blades   | 2 3 4 5 8 9 10 | 10.0
Stealth        | 5 8 12 13 | 13.7
Spellcasting   | 4 6 |  6.0
Hexes          | 5 8 9 10 | 10.0
Dodging        | 3 8 10 | 10.0
Fighting       | 1 3 6 |  6.0

Action                     |  1- 3 |  4- 6 |  7- 9 | 10-12 || total
---------------------------+-------+-------+-------+-------++-------
  Melee: Dagger            |    75 |    28 |   132 |   150 ||   385
         Punch             |     1 |       |     1 |       ||     2
   Cast: Ensorcelled Hiber |    19 |    26 |    89 |    70 ||   204
         Confusing Touch   |     2 |       |     8 |     8 ||    18
         Tukima's Dance    |       |       |    16 |     9 ||    25
  Evoke: Wand              |       |     2 |     2 |    25 ||    29
    Use: Scroll            |     8 |       |    11 |       ||    19
         Potion            |       |     1 |       |       ||     1
   Stab: Sleeping          |    27 |    16 |    74 |    60 ||   177
         Confused          |     1 |       |     7 |     5 ||    13
         Invisible         |       |     2 |       |       ||     2
 Armour: Robe              |     7 |     4 |     9 |     8 ||    28
  Dodge: Dodged            |    67 |    15 |    85 |   123 ||   290

Table legend: (Time is in decaauts)
 A = Elapsed time spent in this place.
 B = Non-inter-level travel time spent in this place.
 C = Inter-level travel time spent in this place.
 D = Time resting spent in this place.
 E = Time spent auto-exploring this place.
 F = Levels seen in this place.
 G = Mean time per level.
                   A        B        C        D        E       F      G
               +--------+--------+--------+--------+--------+-----+--------+
         Total |   7933 |   7487 |    446 |    458 |   5429 |  15 |  528.9 |
       Dungeon |   7041 |   6596 |    445 |    384 |   4923 |  12 |  586.8 |
          Lair |     56 |     56 |      0 |      0 |     33 |   1 |   56.0 |
         Sewer |    477 |    477 |      0 |     55 |    304 |   1 |  477.0 |
        Bailey |    357 |    357 |      0 |     19 |    168 |   1 |  357.0 |
               +--------+--------+--------+--------+--------+-----+--------+

Top non-repeatable levels by time:
    D:10: 925 daAuts
     D:1: 894 daAuts
     D:7: 712 daAuts
     D:5: 698 daAuts
     D:6: 689 daAuts
     D:4: 660 daAuts
     D:3: 637 daAuts
     D:8: 610 daAuts
     D:9: 590 daAuts
     D:2: 518 daAuts
   Sewer: 477 daAuts
  Bailey: 357 daAuts
    D:11: 77 daAuts
  Lair:1: 56 daAuts
    D:12: 27 daAuts
